 Dungeon Crawl Stone Soup version 0.26-a0-30-g56b8cd3df0 (webtiles) character file.

Game seed: 15596980255685182780, levelgen mode: deterministic

522204 gruber the Crack Shot (level 24, -8/228 HPs)
             Began as a Centaur Hunter on June 3, 2020.
             Was the Champion of the Shining One.
             Killed from afar by a fire giant (16 damage)
             ... with a bolt of fire
             ... created by the fury of Okawaru
             ... on level 1 of the Vaults.
             The game lasted 01:59:36 (78740 turns).

gruber the Crack Shot (Centaur Hunter)             Turns: 78740, Time: 01:59:38

Health: -8/228     AC: 25    Str: 33    XL:     24   Next: 68%
Magic:  0/32       EV: 11    Int: 13    God:    the Shining One [******]
Gold:   9388       SH:  0    Dex: 10    Spells: 28/35 levels left

rFire    + . .     SeeInvis +   a - +9 longbow (flame)
rCold    + + +     Gourm    .   (shield currently unavailable)
rNeg     + + +     Faith    .   X - +1 scale mail "Zuotik" {rF+ rC+ Int+3}
rPois    +         Spirit   +   C - +2 helmet {SInv}
rElec    +         Reflect  .   z - scarf {repulsion}
rCorr    +         Harm     .   v - +2 pair of gloves {archery}
MR       +++..                  h - +0 centaur barding of Vaposs {rElec rC++ Str-3 Dex+3}
Stlth    ..........             V - amulet of Winter {Spirit Str+4}
HPRegen  0.48/turn              B - +6 ring of strength
MPRegen  0.23/turn              T - ring "Xinyna" {rPois MR++ rCorr Dex-4}

@: glowing, repel missiles, very quick
A: large, hooves 3, deformed body, speed 2, tough skin 3
}: 2/15 runes: decaying, serpentine
a: Divine Shield, Cleansing Flame, Summon Divine Warrior, Renounce Religion


You were on level 1 of the Vaults.
You worshipped the Shining One.
The Shining One was exalted by your worship.
You were not hungry.

You visited 10 branches of the dungeon, and saw 47 of its levels.
You visited the Abyss 1 time.

You collected 11290 gold pieces.
You spent 1902 gold pieces at shops.

Inventory:

Hand Weapons
 a - a +9 longbow of flaming (weapon)
 p - a +9 longbow of holy wrath
 y - the +6 quarterstaff of Turmoil {antimagic, Int+3}
   (You found it on level 5 of the Dungeon)

   It reduces the magical energy of the wielder, and disrupts the spells and
   magical abilities of those hit.
   Natural abilities and divine invocations are not affected.
   It affects your intelligence (+3).
Missiles
 d - 1209 arrows (quivered)
Armour
 h - the +0 centaur barding of Vaposs (worn) {rElec rC++ Str-3 Dex+3}
   (Okawaru gifted it to you on level 4 of the Lair of Beasts)

   It affects your strength (-3).
   It affects your dexterity (+3).
   It greatly protects you from cold.
   It insulates you from electricity.
 r - a scarf of resistance
 v - a +2 pair of gloves of archery (worn)
 z - a scarf of repulsion (worn)
 C - a +2 helmet of see invisible (worn)
 X - the +1 scale mail "Zuotik" (worn) {rF+ rC+ Int+3}
   (You found it on level 2 of the Lair of Beasts)

   It affects your intelligence (+3).
   It protects you from fire.
   It protects you from cold.
 Y - the +7 scale mail of Rotation {MR++}
   (Okawaru gifted it to you on level 3 of the Vaults)

   It affects your resistance to hostile enchantments.
Jewellery
 B - a +6 ring of strength (left hand)
 J - an uncursed ring of protection from cold
 T - the ring "Xinyna" (right hand) {rPois MR++ rCorr Dex-4}
   (You acquired it on level 2 of the Swamp)

   [ring of resist corrosion]

   It affects your dexterity (-4).
   It protects you from poison.
   It affects your resistance to hostile enchantments.
   It provides partial protection from all sources of acid and corrosion.
 V - an amulet of Winter (around neck) {Spirit Str+4}
   (You bought it in a shop on level 3 of the Depths)

   [amulet of guardian spirit]

   It causes incoming damage to be split between your health and magic.
   It affects your strength (+4).
Wands
 c - a wand of iceblast (46)
 t - a wand of flame (16)
 x - a wand of polymorph (13)
 E - a wand of acid (46)
 G - a wand of digging (18)
 M - a wand of enslavement (3)
 N - a wand of disintegration (37)
Scrolls
 b - a scroll of enchant weapon
 e - 12 scrolls of fear
 j - 11 scrolls of magic mapping
 l - 22 scrolls of remove curse
 m - 18 scrolls of teleportation
 o - 3 scrolls of holy word
 s - 16 scrolls of amnesia
 w - 7 scrolls of immolation
 D - 5 scrolls of fog
 K - 12 scrolls of blinking
 O - 4 scrolls of identify
 P - 5 scrolls of enchant armour
 R - a scroll of brand weapon
 U - 5 scrolls of silence
 Z - 4 scrolls of summoning
Potions
 g - a potion of stabbing
 i - 4 potions of flight
 k - 8 potions of berserk rage
 q - 15 potions of curing
 u - 3 potions of ambrosia
 A - 8 potions of haste
 F - 8 potions of heal wounds
 H - 3 potions of resistance
 I - 3 potions of cancellation
 L - 7 potions of might
 Q - a potion of brilliance
Comestibles
 f - 98 rations


   Skills:
 - Level 21.0 Fighting
 - Level 9.1 Staves
 * Level 23.8 Bows
 - Level 16.1 Armour
 - Level 11.0 Dodging
 - Level 0.4 Stealth
 - Level 6.0 Spellcasting
 - Level 12.0 Necromancy
 - Level 8.0 Translocations
 - Level 12.0 Earth Magic
 - Level 10.0 Invocations


You had 28 spell levels left.
You knew the following spells:

 Your Spells              Type           Power        Failure   Level  Hunger
a - Borgnjor's Vile Clut  Necr/Erth      #####.....   5%          5    ######.
b - Blink                 Tloc           N/A          1%          2    ##.....

Your spell library contained the following spells:

 Spells                   Type           Power        Failure   Level  Hunger
 Animate Skeleton         Necr           N/A          1%          1    None
 Apportation              Tloc           ###...       1%          1    None
 Pain                     Necr           ####         1%          1    None
 Sandblast                Erth           #####.       1%          1    None
 Vampiric Draining        Necr           #####.....   1%          3    ###....
 Animate Dead             Necr           N/A          1%          4    ####...
 Dispel Undead            Necr           #####...     1%          4    ####...
 Corpse Rot               Necr/Air       N/A          3%          2    ##.....
 Gell's Gravitas          Tloc           ###.......   3%          3    ###....
 Lesser Beckoning         Tloc           ###.......   3%          3    ###....
 Agony                    Necr           #####...     5%          5    ######.
 Lee's Rapid Deconstruct  Erth           #####.....   5%          5    ######.
 Stone Arrow              Conj/Erth      ###...       7%          3    ###....
 Shroud of Golubria       Chrm/Tloc      ##....       8%          2    ##.....
 Portal Projectile        Hex/Tloc       ##....       16%         3    ###....
 Recall                   Summ/Tloc      N/A          16%         3    ###....
 Leda's Liquefaction      Hex/Erth       ###.......   22%         4    ####...
 Petrify                  Tmut/Erth      ###.....     22%         4    ####...
 Beastly Appendage        Tmut           #.....       26%         1    None
 Corona                   Hex            #......      26%         1    None
 Foxfire                  Conj/Fire      #...         26%         1    None
 Magic Dart               Conj           #...         26%         1    None
 Sting                    Tmut/Pois      #...         26%         1    None
 Summon Butterflies       Summ           #.......     26%         1    None
 Summon Small Mammal      Summ           #...         26%         1    None
 Death Channel            Necr           #####.....   28%         6    #######
 Call Imp                 Summ           #.......     36%         2    ##.....
 Ensorcelled Hibernation  Hex/Ice        #.....       36%         2    ##.....
 Slow                     Hex            #.......     36%         2    ##.....
 Sticks to Snakes         Tmut           #.......     36%         2    ##.....
 Confusing Touch          Hex            #.......     61%         3    ###....
 Conjure Flame            Conj/Fire      #.......     61%         3    ###....
 Dazzling Flash           Conj/Hex       #.....       61%         3    ###....
 Inner Flame              Hex/Fire       #.......     61%         3    ###....
 Mephitic Cloud           Conj/Pois/Air  #.......     61%         3    ###....
 Ozocubu's Armour         Chrm/Ice       #.......     61%         3    ###....
 Spider Form              Tmut/Pois      #.........   61%         3    ###....
 Static Discharge         Conj/Air       #.......     61%         3    ###....
 Tukima's Dance           Hex            #.......     61%         3    ###....
 Summon Forest            Summ/Tloc      ##........   80%         5    ######.
 Cause Fear               Hex            #.........   95%         4    ####...
 Ice Form                 Ice/Tmut       #.......     95%         4    ####...
 Sticky Flame             Conj/Fire      #.......     95%         4    ####...
 Iron Shot                Conj/Erth      ###.......   98%         6    #######
 Simulacrum               Ice/Necr       ###.......   98%         6    #######
 Statue Form              Tmut/Erth      ###......    98%         6    #######
 Alistair's Intoxication  Tmut/Pois      #.......     100%        5    ######.
 Aura of Abjuration       Summ           #.........   100%        5    ######.
 Blade Hands              Tmut           #.........   100%        5    ######.
 Fireball                 Conj/Fire      #.........   100%        5    ######.
 Irradiate                Conj/Tmut      #.........   100%        5    ######.
 Metabolic Englaciation   Hex/Ice        #.........   100%        5    ######.
 Silence                  Hex/Air        #.........   100%        5    ######.
 Summon Demon             Summ           #.........   100%        5    ######.
 Summon Mana Viper        Hex/Summ       #.......     100%        5    ######.
 Yara's Violent Unravell  Hex/Tmut       #.........   100%        5    ######.
 Conjure Ball Lightning   Conj/Air       #.........   100%        6    #######
 Darkness                 Hex            #.........   100%        6    #######
 Eringya's Noxious Bog    Tmut/Pois      #.........   100%        6    #######
 Freezing Cloud           Conj/Ice/Air   #.........   100%        6    #######
 Hydra Form               Tmut           #.........   100%        6    #######
 Invisibility             Hex            #.......     100%        6    #######
 Ozocubu's Refrigeration  Ice            #.........   100%        6    #######
 Shadow Creatures         Summ           N/A          100%        6    #######
 Haunt                    Necr/Summ      ###.......   100%        7    #######
 Summon Hydra             Summ           #.........   100%        7    #######
 Borgnjor's Revivificati  Necr           #####.....   100%        8    #######
 Death's Door             Chrm/Necr      ###.......   100%        8    #######
 Discord                  Hex            #.........   100%        8    #######
 Infestation              Necr           #####.....   100%        8    #######
 Necromutation            Tmut/Necr      ###.......   100%        8    #######
 Shatter                  Erth           #####.....   100%        9    #######


Dungeon Overview and Level Annotations

Branches:
Dungeon (15/15)            Temple (1/1) D:4            Lair (6/6) D:8
  Swamp (4/4) Lair:3        Snake (4/4) Lair:3        Slime (0/5) Lair:6
    Orc (2/2) D:9             Elf (3/3) Orc:2        Vaults (4/5) D:13
  Crypt (3/3) Vaults:2       Tomb (0/3) Crypt:3      Depths (5/5) D:15
    Zot (0/5) Depths:5

Altars:
Ashenzari
Cheibriados
Dithmenos
Elyvilon
Fedhas
Gozag
Hepliaklqana
Kikubaaqudgha
Nemelex Xobeh
Okawaru
Qazlal
Ru
Sif Muna
Trog
Uskayaw
Vehumet
Wu Jian
Xom
Yredelemnul
Zin
The Shining One
Beogh

Shops:
D:12 =   D:14 %   Orc:2 ([%=   Elf:1 ?   Snake:2 *   Snake:3 :!   Vaults:1 }
Vaults:3 :   Depths:1 *   Depths:3 }}=   Depths:5 :

Portals:
Hell: Depths:1 Depths:2 Depths:3 Depths:4 Depths:5
Abyss: Depths:1 Depths:3 Depths:4
Pandemonium: Depths:1 Depths:2 Depths:3
Ziggurat: Depths:2
Trove: D:11 (lose all piety)

Annotations:
D:15 2 transporters, Jeosif's ghost, journeyman DsNe


Innate Abilities, Weirdness & Mutations

You have hooves in place of feet.
Armour fits poorly on your strangely shaped body.
You cover ground very quickly.
You have extremely tough skin. (AC +3)


Message History

The deep elf mage hits you but does no damage.
The fire giant hits you with a +1 great sword of flaming.
* * * LOW HITPOINT WARNING * * *
The deep elf mage hits you but does no damage.
The stone giant throws a large rock.
The large rock is repelled.
The large rock disappears in a puff of smoke!
The titan shouts!
You hear a shout!
The titan waves its arms in wide circles.
The air twists around and strikes you!!
* * * LOW HITPOINT WARNING * * *
The titan waves its arms in wide circles.
The air twists around and strikes you.
* * * LOW HITPOINT WARNING * * *
You feel much better.
The titan waves its arms in wide circles.
The air twists around and strikes you!!
* * * LOW HITPOINT WARNING * * *
The fire giant points at you and mumbles some strange words.
The bolt of fire hits you!! You resist.
You die...

#.#......# #.......#
#.#......# #.......# ####
#C#......# #.......# #...
#.#......# #.......# #...
#C#......# #.......# #...
#C#......# #.......# #...
#.######## #.......# #...
#.############.......# #...
#..CeC.C....@........#####'#+
#.....C..........C...........
#############################


You could see a titan, 2 fire giants and a stone giant.

Vanquished Creatures
  Mara (Crypt:3)
  Boris (thrice) (Vaults:2 Depths:3 Crypt:2)
  Saint Roka (Orc:2)
  Bai Suzhen (Vaults:2)
  A golden dragon (Depths:5)
  Nikola (Swamp:3)
  A profane servitor (Crypt:3)
  2 bone dragons
  Jorgrun (D:13)
  A shard shrike skeleton (Crypt:1)
  6 deep elf master archers
  4 liches
  8 deep elf blademasters
  7 titans
  A quicksilver dragon (Depths:4)
  Frances (D:14)
  8 ancient champions
  3 sphinxes
  3 thorn hunters
  Gastronok (D:8)
  A storm dragon (D:14)
  Kirke (Swamp:1)
  2 shadow dragons (Depths:5)
  Roxanne (Swamp:1)
  6 nagarajas
  A tengu reaver (Depths:5)
  An azure jelly (shapeshifter) (D:15)
  Agnes (Snake:1)
  4 revenants
  Donald (Elf:2)
  9 fire giants
  8 frost giants
  5 deep elf sorcerers
  Aizul (Snake:1)
  5 vault wardens
  An orc warlord (Orc:2)
  14 very ugly things
  12 ironheart preservers
  2 ghouls (Crypt:3)
  A reaper (Depths:3)
  2 draconian shifters (Depths:5)
  3 deep elf elementalists
  17 stone giants
  4 green draconians
  7 deep elf demonologists
  5 vampire knights
  2 entropy weavers (Lair:6)
  Nessos (D:12)
  The ghost of Havah the Destroyer, a journeyman OpVM of Vehumet (Lair:4)
  The ghost of Amnesiac the Fighter, a journeyman OgAs of Wu Jian (Orc:2)
  2 white draconians
  14 deep elf annihilators
  A yellow draconian (Vaults:2)
  2 purple draconians (Depths:5)
  A red draconian (Depths:5)
  2 eidola
  27 ettins
  A crystal guardian (Vaults:3)
  4 deep elf death magi
  15 yaktaur captains
  11 jiangshi
  11 fire dragons
  2 mummy priests (Crypt:3)
  Josephine (D:13)
  5 great orbs of eyes
  Erolcha (Orc:2)
  4 deep elf high priests
  27 hydras
  14 ice dragons
  A quicksilver dragon skeleton (Crypt:2)
  9 vault guards
  5 rakshasas
  Harold (D:11)
  3 shambling mangroves
  15 alligators
  15 naga warriors
  Erica (D:11)
  8 anacondas
  2 spriggan air magi
  8 centaur warriors
  A catoblepas (D:14)
  A death yak (Lair:2)
  41 two-headed ogres
  27 dancing weapons
  A queen ant (Lair:6)
  2 death knights (Crypt:2)
  2 tengu warriors (Depths:2)
  12 deep troll shamans
  3 hell hogs (Depths:1)
  9 spriggan berserkers
  5 vampire magi
  15 naga sharpshooters
  13 ogre magi
  10 shock serpents
  2 orc high priests
  A soul eater (Crypt:3)
  A sun demon (Depths:3)
  A storm dragon zombie (Crypt:2)
  A deep troll earth mage (Depths:4)
  Sonja (Lair:4)
  32 deep elf knights
  2 titan skeletons (Crypt:3)
  2 salamander mystics
  7 shadow wraiths
  3 iron trolls
  34 skeletal warriors
  2 fire crabs (shapeshifter)
  A flayed ghost (Crypt:2)
  27 deep trolls
  A deep troll (shapeshifter) (Vaults:2)
  4 unseen horrors
  A spriggan druid (Swamp:2)
  4 glowing orange brains
  An orange crystal statue (Elf:3)
  A shadow demon (Depths:2)
  A lindwurm (Lair:6)
  10 swamp dragons
  A shadow dragon zombie (Crypt:1)
  4 wizards
  A glowing orange brain (shapeshifter) (Elf:2)
  2 gelid demonspawn (Depths:2)
  A golden dragon skeleton (Depths:4)
  29 deep elf archers
  3 necromancers
  Pikel (D:4)
  6 naga ritualists
  3 phantasmal warriors
  2 sphinx zombies (Depths:4)
  10 ironbrand convokers
  11 orc knights
  An anaconda skeleton (Crypt:3)
  A harpy (shapeshifter) (Elf:2)
  8 harpies
  5 manticores
  2 frost giant zombies (Crypt:1)
  5 mana vipers
  5 salamanders
  56 ugly things
  84 deep elf magi
  6 cyclopes
  An oklob plant (Lair:5)
  7 orc sorcerers
  A sphinx skeleton (Crypt:1)
  Maurice (D:8)
  An elephant (shapeshifter) (D:15)
  36 naga magi
  35 black mambas
  16 elephants
  A black mamba (shapeshifter) (Vaults:2)
  3 guardian serpents
  Joseph (D:8)
  6 torpor snails
  7 vault sentinels
  Psyche (D:10)
  A fire giant skeleton (Depths:4)
  2 gargoyles
  An ice statue (Lair:2)
  19 spiny frogs
  A smoke demon (Depths:4)
  A black draconian zombie (Crypt:1)
  4 komodo dragons
  Maggie (D:9)
  An efreet (D:14)
  A redback zombie (Crypt:2)
  4 rime drakes
  42 yaktaurs
  An emperor scorpion zombie (Crypt:3)
  A catoblepas skeleton (Crypt:2)
  7 freezing wraiths
  3 meliai (D:14)
  An ice devil (Lair:2)
  A tengu conjurer (Depths:2)
  A hellwing (Depths:2)
  11 guardian mummies
  A red devil (Depths:3)
  A troll (shapeshifter) (D:15)
  9 trolls
  A sea snake skeleton (Crypt:2)
  A harpy zombie (D:14)
  A tengu simulacrum (Vaults:3)
  A queen bee (D:14)
  3 polar bears (Lair:2)
  22 hornets
  2 wind drakes (shapeshifter)
  A hydra skeleton (Crypt:3)
  10 hippogriffs
  16 tyrant leeches
  7 bog bodies
  23 slime creatures
  3 harpy skeletons
  A raiju (shapeshifter) (Vaults:1)
  A snapping turtle (shapeshifter) (Vaults:4)
  A dream sheep (shapeshifter) (Vaults:2)
  8 blink frogs
  An ice dragon zombie (Crypt:1)
  14 dream sheep (Lair:6)
  A blink frog (shapeshifter) (Vaults:1)
  3 flying skulls (Crypt:1)
  5 water elementals
  3 air elementals
  9 wraiths
  A vampire (D:10)
  3 spriggans (shapeshifter)
  6 shadows
  A ynoxinul (Depths:3)
  A tarantella (shapeshifter) (Elf:3)
  2 ushabtiu (Crypt:3)
  A wyvern (shapeshifter) (D:15)
  10 spriggans
  2 yaks (shapeshifter)
  3 basilisks
  A wyvern (Depths:3)
  24 yaks
  7 fire elementals
  A spriggan simulacrum (Depths:4)
  A chaos spawn (Depths:2)
  21 vampire mosquitoes
  A neqoxec (Depths:3)
  4 steam dragons
  2 human simulacra (Vaults:2)
  4 hungry ghosts
  Menkaure (D:5)
  20 insubstantial wisps
  11 soldier ants
  23 swamp worms
  5 wargs
  3 acid dragons
  An infernal demonspawn zombie (Crypt:3)
  40 nagas
  12 water moccasins
  An orb spider zombie (Crypt:2)
  14 porcupines
  10 hell hounds
  A two-headed ogre skeleton (Crypt:2)
  4 slaves (D:4)
  A merfolk skeleton (Crypt:2)
  A monstrous demonspawn skeleton (Crypt:3)
  A sky beast (shapeshifter) (Vaults:4)
  14 swamp drakes
  3 eyes of draining
  48 orc warriors
  2 black bears
  4 sky beasts
  14 ice beasts
  47 ogres
  2 necrophages (Crypt:3)
  27 wolves
  3 phantoms
  16 boggarts
  13 centaurs
  27 crocodiles
  A big kobold (D:12)
  A bullfrog (shapeshifter) (Elf:2)
  28 bullfrogs
  2 earth elementals
  2 gnoll sergeants
  A merfolk simulacrum (Crypt:2)
  A draconian skeleton (Crypt:1)
  3 scorpions
  A spriggan zombie (Crypt:3)
  41 killer bees
  13 wights
  The ghost of PIKKUHERKKO the Chopper, a weakling DsGl (D:4)
  4 electric eels
  5 centaur zombies
  6 crimson imps
  A bullfrog zombie (D:6)
  2 quasits
  A basilisk zombie (Crypt:3)
  5 hounds
  23 orc priests
  8 jellies
  6 centaur skeletons
  A gnoll shaman (D:8)
  17 iguanas
  Jessica (D:3)
  A black bear skeleton (Crypt:3)
  Natasha (D:3)
  36 orc wizards
  A basilisk skeleton (Crypt:2)
  25 worker ants
  A sky beast zombie (Crypt:3)
  A deep dwarf skeleton (Crypt:3)
  An ogre skeleton (Crypt:2)
  3 hound skeletons
  7 mummies (Crypt:3)
  A howler monkey zombie (D:10)
  16 gnolls
  A river rat (D:3)
  13 adders
  7 shadow imps
  5 oozes
  An adder skeleton (D:6)
  4 worms
  4 dart slugs
  32 leopard geckos
  107 orcs
  4 ball pythons
  5 bats
  3 giant cockroaches (D:3)
  5 goblins
  6 hobgoblins
  11 jackals
  8 quokkas
  A ball python zombie (Crypt:1)
  8 frilled lizards
  A frilled lizard skeleton (Crypt:2)
  A frilled lizard zombie (Crypt:3)
  A hobgoblin skeleton (Crypt:3)
  18 kobolds
  A kobold skeleton (Crypt:2)
  9 rats
  2 crawling corpses (Elf:3)
  6 plants
2285 creatures vanquished.

Vanquished Creatures (others)
  A spiny frog (Lair:6)
  3 yaks (Lair:6)
  A human (Swamp:1)
  A vampire mosquito (Swamp:1)
  An orc warrior (D:7)
  A boggart (Vaults:2)
  10 fungi
  16 plants
34 creatures vanquished.

Grand Total: 2319 creatures vanquished

Notes
Turn   | Place    | Note
-------+----------+-------------------------------------------
     0 | D:1      | gruber the Centaur Hunter began the quest for the Orb.
     0 | D:1      | Reached XP level 1. HP: 17/17 MP: 1/1
   232 | D:1      | Reached XP level 2. HP: 22/25 MP: 2/2
   793 | D:2      | Reached skill level 6 in Bows
   793 | D:2      | Reached XP level 3. HP: 30/30 MP: 3/3
  1343 | D:2      | Found a shimmering altar of Xom.
  1462 | D:3      | Reached XP level 4. HP: 37/37 MP: 4/4
  1591 | D:3      | Reached skill level 7 in Bows
  1785 | D:3      | Found a stormy altar of Qazlal.
  2054 | D:3      | Noticed Jessica
  2059 | D:3      | Killed Jessica
  2134 | D:3      | Reached XP level 5. HP: 32/44 MP: 5/5
  2247 | D:3      | Reached skill level 8 in Bows
  2280 | D:3      | Noticed Natasha
  2282 | D:3      | Killed Natasha
  3187 | D:4      | Reached skill level 9 in Bows
  3404 | D:4      | Reached XP level 6. HP: 50/50 MP: 6/6
  3472 | D:4      | Noticed a slave
  3472 | D:4      | Noticed a slave
  3474 | D:4      | Noticed a slave
  3484 | D:4      | Noticed a slave
  3517 | D:4      | Killed a slave
  3540 | D:4      | Killed a slave
  3551 | D:4      | Killed a slave
  3605 | D:4      | Killed a slave
  3940 | D:4      | Noticed Pikel
  3996 | D:4      | Killed Pikel
  3996 | D:4      | Reached skill level 11 in Bows
  3996 | D:4      | Reached XP level 7. HP: 41/56 MP: 7/7
  4126 | D:4      | Found a staircase to the Ecumenical Temple.
  4150 | Temple   | Entered the Ecumenical Temple
  4218 | Temple   | Became a worshipper of Warmaster Okawaru
  4310 | D:4      | Found a runed translucent door.
  4313 | D:4      | Noticed PIKKUHERKKO's ghost (weakling DsGl)
  4767 | D:5      | Entered Level 5 of the Dungeon
  4875 | D:5      | Got a crude quarterstaff
  4876 | D:5      | Identified the +6 quarterstaff of Turmoil {antimagic,
                  | Int+3} (You found it on level 5 of the Dungeon)
  5025 | D:5      | Reached skill level 12 in Bows
  5050 | D:5      | Reached skill level 1 in Staves
  5197 | D:5      | Reached XP level 8. HP: 53/62 MP: 8/8
  5339 | D:5      | Noticed Menkaure
  5345 | D:5      | Killed Menkaure
  5345 | D:5      | Reached * piety under Okawaru
  5979 | D:6      | Reached skill level 5 in Staves
  6767 | D:7      | Reached ** piety under Okawaru
  6842 | D:7      | Reached XP level 9. HP: 68/68 MP: 9/9
  7208 | D:7      | HP: 3/68 [poisoned by an orc warrior]
  7215 | D:7      | HP: 3/68 [poisoned by an orc warrior]
  7223 | D:7      | HP: 2/68 [poisoned by an orc warrior]
  7371 | D:7      | Noticed a two-headed ogre
  7427 | D:7      | Killed a two-headed ogre
  7427 | D:7      | Reached *** piety under Okawaru
  8215 | D:8      | Reached skill level 5 in Fighting
  8452 | D:8      | Noticed Gastronok
  8528 | D:8      | Killed Gastronok
  8528 | D:8      | Reached **** piety under Okawaru
  8528 | D:8      | Received a gift from Okawaru
  8528 | D:8      | Reached XP level 10. HP: 6/88 MP: 1/10
  9449 | D:8      | Reached skill level 10 in Fighting
  9477 | D:8      | Identified the cursed +0 whip of Eternal Night {distort,
                  | rN++}
  9477 | D:8      | Noticed Maurice
  9490 | D:8      | Cast into level 1 of the Abyss (Maurice)
  9494 | Abyss:1  | Noticed a tentacled starspawn
  9551 | D:8      | Escaped the Abyss
  9575 | D:8      | Killed Maurice
  9575 | D:8      | Reached ***** piety under Okawaru
  9575 | D:8      | Received a gift from Okawaru
  9928 | D:8      | Found a staircase to the Lair.
 10098 | D:8      | Reached skill level 13 in Bows
 10121 | D:8      | Noticed Joseph
 10291 | D:8      | Reached XP level 11. HP: 70/99 MP: 11/11
 10457 | D:8      | Found a basalt altar of Yredelemnul.
 10457 | D:8      | Found a snail-covered altar of Cheibriados.
 10458 | D:8      | Found a white marble altar of Elyvilon.
 10493 | D:8      | Received a gift from Okawaru
 10795 | D:8      | Killed Joseph
 11262 | D:9      | Found a staircase to the Orcish Mines.
 11481 | D:9      | Noticed Maggie
 11503 | D:9      | Killed Maggie
 11503 | D:9      | Reached skill level 14 in Bows
 12070 | D:10     | Entered Level 10 of the Dungeon
 12161 | D:10     | Found a transporter.
 12165 | D:10     | Noticed an orc high priest
 12410 | D:10     | Noticed Psyche
 12436 | D:10     | Killed Psyche
 12906 | D:10     | Noticed a two-headed ogre
 12940 | D:10     | Killed a two-headed ogre
 12940 | D:10     | Received a gift from Okawaru
 12940 | D:10     | Reached skill level 15 in Bows
 13234 | D:10     | Noticed a two-headed ogre
 13372 | D:11     | Noticed a two-headed ogre
 13440 | D:10     | Killed a two-headed ogre
 13440 | D:10     | Received a gift from Okawaru
 13614 | D:11     | Noticed a two-headed ogre
 13646 | D:11     | Killed a two-headed ogre
 13646 | D:11     | Received a gift from Okawaru
 13949 | D:11     | Noticed Erica
 13959 | D:11     | Killed Erica
 14034 | D:11     | Reached skill level 5 in Dodging
 14085 | D:11     | Received a gift from Okawaru
 14812 | D:11     | Noticed a white ugly thing
 14870 | D:11     | Killed a white ugly thing
 15203 | D:11     | Reached XP level 12. HP: 106/106 MP: 12/12
 15371 | D:11     | Received a gift from Okawaru
 15374 | D:11     | Got a steaming centaur barding {god gift}
 15387 | D:11     | Identified the +3 centaur barding of the Nexus {+Inv MR+}
                  | (Okawaru gifted it to you on level 11 of the Dungeon)
 15518 | D:11     | Reached skill level 1 in Armour
 15878 | D:11     | Found a portal to a secret trove of treasure.
 16302 | D:11     | Noticed Harold
 16314 | D:11     | Killed Harold
 16671 | D:12     | Found Inguoll's Jewellery Shop.
 16728 | D:12     | Learned a level 5 spell: Borgnjor's Vile Clutch
 17320 | D:12     | Reached skill level 5 in Armour
 17645 | D:12     | Noticed Nessos
 17671 | D:12     | Killed Nessos
 18160 | D:13     | Noticed Josephine
 18291 | D:13     | Noticed Jorgrun
 18317 | D:13     | Killed Jorgrun
 18456 | D:13     | Killed Josephine
 18461 | D:13     | Received a gift from Okawaru
 18535 | D:13     | Noticed an eight-headed hydra
 18542 | D:13     | Killed an eight-headed hydra
 18542 | D:13     | Reached XP level 13. HP: 113/113 MP: 13/13
 19179 | D:13     | Received a gift from Okawaru
 19283 | D:13     | Reached skill level 16 in Bows
 19295 | D:13     | Received a gift from Okawaru
 19613 | D:12     | Received a gift from Okawaru
 19928 | D:13     | Found a gate to the Vaults.
 20110 | Lair:1   | Entered Level 1 of the Lair of Beasts
 20201 | Lair:1   | Received a gift from Okawaru
 20201 | Lair:1   | Reached skill level 17 in Bows
 20776 | Lair:1   | Received a gift from Okawaru
 21152 | Lair:1   | Reached skill level 18 in Bows
 22696 | Lair:2   | Reached skill level 19 in Bows
 23301 | Lair:3   | Reached XP level 14. HP: 53/121 MP: 4/14
 23737 | Lair:3   | Found a staircase to the Swamp.
 23840 | Lair:3   | Found a staircase to the Snake Pit.
 24435 | Lair:2   | Got a jewelled scale mail
 24436 | Lair:2   | Identified the +1 scale mail "Zuotik" {rF+ rC+ Int+3} (You
                  | found it on level 2 of the Lair of Beasts)
 24496 | Lair:4   | Received a gift from Okawaru
 24502 | Lair:4   | Got a transparent centaur barding {god gift}
 24547 | Lair:4   | Identified the +0 centaur barding of Vaposs {rElec rC++
                  | Str-3 Dex+3} (Okawaru gifted it to you on level 4 of the
                  | Lair of Beasts)
 24592 | Lair:4   | Noticed Sonja
 24596 | Lair:4   | Killed Sonja
 25127 | Lair:4   | Found a runed translucent door.
 25128 | Lair:4   | Found a shimmering altar of Xom.
 25128 | Lair:4   | Noticed Havah's ghost (journeyman OpVM)
 25128 | Lair:4   | Identified the +9 quarterstaff of the Saviour {chaos,
                  | rElec}
 25225 | Lair:4   | Reached skill level 20 in Bows
 26895 | Lair:6   | Entered Level 6 of the Lair of Beasts
 26932 | Lair:6   | Noticed an entropy weaver
 26940 | Lair:6   | Killed an entropy weaver
 27042 | Lair:6   | Noticed an entropy weaver
 27051 | Lair:6   | Killed an entropy weaver
 27252 | Lair:6   | Reached skill level 10 in Armour
 27889 | Lair:6   | Received a gift from Okawaru
 28686 | Lair:6   | Found a staircase to the Slime Pits.
 29252 | Lair:6   | Found a runed translucent door.
 29333 | Lair:6   | Reached XP level 15. HP: 126/126 MP: 15/15
 30032 | D:4      | Killed PIKKUHERKKO's ghost
 30158 | D:10     | Found a roughly hewn altar of Beogh.
 30158 | D:10     | Found a transporter.
 30414 | Orc:1    | Entered Level 1 of the Orcish Mines
 30658 | Orc:1    | Received a gift from Okawaru
 31083 | Orc:2    | Entered Level 2 of the Orcish Mines
 31258 | Orc:2    | Received a gift from Okawaru
 31314 | Orc:2    | Found a runed translucent gate.
 31315 | Orc:2    | Found a runed translucent gate.
 31316 | Orc:2    | Found a runed translucent gate.
 31318 | Orc:2    | Noticed Amnesiac's ghost (journeyman OgAs)
 31322 | Orc:2    | Found a roughly hewn altar of Beogh.
 31386 | Orc:2    | Noticed Erolcha
 31395 | Orc:2    | Killed Erolcha
 31489 | Orc:2    | Noticed an orc warlord
 31498 | Orc:2    | Killed an orc warlord
 31514 | Orc:2    | Reached skill level 10 in Dodging
 31671 | Orc:2    | Noticed Saint Roka
 31683 | Orc:2    | Killed Saint Roka
 31843 | Orc:2    | Found Loz Kixidio's Antique Armour Shop.
 31847 | Orc:2    | Found Qon Viad's Antique Weapon Boutique.
 31849 | Orc:2    | Found a roughly hewn altar of Beogh.
 32012 | Orc:2    | Found a roughly hewn altar of Beogh.
 32075 | Orc:2    | Found a staircase to the Elven Halls.
 32130 | Orc:2    | Found a roughly hewn altar of Beogh.
 32152 | Orc:2    | Found Muyps's Jewellery Shop.
 32190 | Orc:2    | Found a roughly hewn altar of Beogh.
 32224 | Orc:2    | Found Zapt's Food Shoppe.
 32261 | Orc:2    | Found a roughly hewn altar of Beogh.
 32396 | Orc:2    | Found a roughly hewn altar of Beogh.
 32717 | Orc:2    | Killed Amnesiac's ghost
 32717 | Orc:2    | Received a gift from Okawaru
 33297 | D:14     | Reached ****** piety under Okawaru
 33340 | D:14     | Received a gift from Okawaru
 33478 | D:14     | Noticed Frances
 33487 | D:14     | Killed Frances
 33762 | D:14     | Found Nionn's Food Emporium.
 33886 | D:14     | Received a gift from Okawaru
 34294 | D:14     | Noticed a storm dragon
 34298 | D:14     | Killed a storm dragon
 34298 | D:14     | Reached XP level 16. HP: 113/139 MP: 16/16
 34518 | D:15     | Entered Level 15 of the Dungeon
 34548 | D:15     | Received a gift from Okawaru
 34626 | D:15     | Received a gift from Okawaru
 34938 | D:15     | Found a transporter.
 34942 | D:15     | Found a transporter.
 34944 | D:15     | Identified the +2 great mace of the Singing Vulture {holy,
                  | Str+4 Dex-4}
 34948 | D:15     | Found a bloodstained altar of Trog.
 34948 | D:15     | Identified the +4 dire flail of a treasure trove {flame,
                  | *Corrode rPois MR+}
 34948 | D:15     | Noticed Jeosif's ghost (journeyman DsNe)
 35236 | Orc:2    | Bought an embroidered scarf for 304 gold pieces
 35246 | Orc:2    | Bought a runed scarf for 304 gold pieces
 35710 | D:15     | Found a staircase to the Depths.
 36666 | Snake:1  | Entered Level 1 of the Snake Pit
 36711 | Snake:1  | Noticed Agnes
 36717 | Snake:1  | Killed Agnes
 36833 | Snake:1  | Noticed Aizul
 36853 | Snake:1  | Killed Aizul
 37033 | Snake:1  | Received a gift from Okawaru
 37108 | Snake:1  | Reached skill level 15 in Fighting
 37295 | Snake:1  | Found Qourph Baorph's Jewellery Shoppe.
 38008 | Snake:2  | Found Osoa's Assorted Antiques.
 38581 | Snake:3  | Reached XP level 17. HP: 158/158 MP: 17/17
 39054 | Snake:3  | Received a gift from Okawaru
 39196 | Snake:3  | Found Asielu's Book Emporium.
 39203 | Snake:3  | Bought a book of Minor Magic for 260 gold pieces
 39206 | Snake:3  | Learned a level 2 spell: Blink
 39206 | Snake:3  | Found Heom's Distillery.
 39466 | Snake:3  | Received a gift from Okawaru
 39469 | Snake:3  | Got a pair of masterwork gloves {god gift}
 39483 | Snake:3  | Identified the +0 pair of gloves "Cyomax" {Str+4} (Okawaru
                  | gifted it to you on level 3 of the Snake Pit)
 40697 | Snake:4  | Entered Level 4 of the Snake Pit
 41166 | Snake:4  | Reached skill level 1 in Translocations
 41361 | Snake:4  | Reached skill level 5 in Translocations
 41594 | Snake:4  | Received a gift from Okawaru
 41718 | Snake:4  | Got a serpentine rune of Zot
 42122 | Swamp:1  | Entered Level 1 of the Swamp
 42160 | Swamp:1  | Noticed Kirke
 42161 | Swamp:1  | Reached XP level 18. HP: 155/172 MP: 16/18
 42175 | Swamp:1  | Killed Kirke
 42325 | Swamp:1  | Noticed Roxanne
 42336 | Swamp:1  | Killed Roxanne
 42458 | Swamp:1  | Reached skill level 1 in Spellcasting
 44135 | Swamp:2  | Identified 2 scrolls of acquirement
 44138 | Swamp:2  | Got the ring "Xinyna" {rPois MR++ rCorr Dex-4}
 44335 | Swamp:3  | Noticed Nikola
 44341 | Swamp:3  | Reached skill level 5 in Spellcasting
 44532 | Swamp:3  | Killed Nikola
 44901 | Swamp:3  | Received a gift from Okawaru
 45077 | Swamp:3  | Reached skill level 1 in Necromancy
 45077 | Swamp:3  | Reached skill level 1 in Earth Magic
 45746 | Swamp:4  | Entered Level 4 of the Swamp
 46274 | Swamp:4  | Received a gift from Okawaru
 46435 | Swamp:4  | Reached skill level 5 in Necromancy
 46439 | Swamp:4  | Received a gift from Okawaru
 46439 | Swamp:4  | Reached skill level 5 in Earth Magic
 46476 | Swamp:4  | Got a decaying rune of Zot
 47131 | Vaults:1 | Entered Level 1 of the Vaults
 47131 | Vaults:1 | Found Efe Oddu's Gadget Shoppe.
 47418 | Vaults:1 | Reached XP level 19. HP: 97/179 MP: 14/28
 47701 | Vaults:1 | Received a gift from Okawaru
 48138 | Vaults:1 | You fall into a shaft and drop 1 floor!
 48745 | Vaults:2 | Noticed Boris
 48758 | Vaults:2 | Noticed Bai Suzhen
 49477 | Vaults:2 | Reached skill level 1 in Invocations
 49513 | Vaults:2 | Killed Bai Suzhen
 49577 | Vaults:2 | Killed Boris
 49577 | Vaults:2 | Reached skill level 5 in Invocations
 49659 | Vaults:2 | You fall into a shaft and drop 2 floors!
 49678 | Vaults:4 | Received a gift from Okawaru
 49816 | Vaults:4 | Received a gift from Okawaru
 50297 | Vaults:4 | Got a twisted scale mail
 50298 | Vaults:4 | Identified the +3 scale mail of the Eternal Void {rElec}
                  | (You found it on level 4 of the Vaults)
 50574 | Vaults:3 | Received a gift from Okawaru
 50684 | Vaults:3 | Found Qeej's Book Shop.
 50718 | Vaults:3 | Reached skill level 10 in Invocations
 51021 | Vaults:3 | Received a gift from Okawaru
 51028 | Vaults:3 | Got a transparent scale mail {god gift}
 51029 | Vaults:3 | Identified the +7 scale mail of Rotation {MR++} (Okawaru
                  | gifted it to you on level 3 of the Vaults)
 51187 | Vaults:3 | Reached XP level 20. HP: 157/187 MP: 24/29
 51451 | Vaults:2 | Reached skill level 21 in Bows
 52291 | Vaults:2 | Found a staircase to the Crypt.
 52291 | Vaults:2 | Found a basalt altar of Yredelemnul.
 52292 | Vaults:2 | Found an ancient bone altar of Kikubaaqudgha.
 52936 | Vaults:1 | Reached skill level 22 in Bows
 54039 | Vaults:3 | Received a gift from Okawaru
 55914 | Vaults:4 | Got a distressingly furry cloak
 55919 | Vaults:4 | Identified the cursed -4 cloak "Earthly Heaven" {*Corrode
                  | Str+3 Int+5} (You found it on level 4 of the Vaults)
 56543 | Depths:1 | Entered Level 1 of the Depths
 56543 | Depths:1 | Found a one-way gate leading to the halls of Pandemonium.
 57131 | Depths:1 | Found Zijeamy's Assorted Antiques.
 57485 | Lair:4   | Killed Havah's ghost
 58239 | Depths:1 | Reached XP level 21. HP: 194/194 MP: 30/30
 58271 | Depths:1 | Received a gift from Okawaru
 58336 | Depths:1 | Found a one-way gate to the infinite horrors of the Abyss.
 58441 | Depths:1 | Found a gateway to Hell.
 60347 | Depths:2 | Found a gateway to a ziggurat.
 60427 | Depths:2 | Got a vibrating bone ring
 60429 | Depths:2 | Identified the ring "Ura Viaja" {rElec rC+ Slay-3 SInv
                  | Stlth+} (You found it on level 2 of the Depths)
 61287 | Depths:3 | Received a gift from Okawaru
 61366 | Depths:3 | Noticed Boris
 61383 | Depths:3 | Killed Boris
 61647 | Depths:3 | Reached skill level 15 in Armour
 61896 | Depths:3 | Found Ihiophu's Jewellery Shoppe.
 61896 | Depths:3 | Found Viluguov's Gadget Boutique.
 61898 | Depths:3 | Found Hoykun's Gadget Boutique.
 61907 | Depths:3 | Bought an amulet of Winter {Spirit Str+4} for 635 gold
                  | pieces
 62395 | Depths:3 | Received a gift from Okawaru
 62685 | Depths:3 | Received a gift from Okawaru
 62697 | Depths:3 | You fall into a shaft and drop 1 floor!
 62874 | Depths:4 | Reached XP level 22. HP: 158/202 MP: 24/31
 64182 | Depths:4 | Got the Catalogue of Freezing Earth
 64289 | Depths:5 | Entered Level 5 of the Depths
 64490 | Depths:5 | Identified the Papyrus of Snow
 64988 | Depths:5 | Received a gift from Okawaru
 65301 | Depths:5 | Found Himmug's Book Shop.
 65587 | Depths:5 | Received a gift from Okawaru
 65595 | Depths:5 | Noticed a golden dragon
 65602 | Depths:5 | Killed a golden dragon
 65605 | Depths:5 | Found a gate to the Realm of Zot.
 65612 | Depths:5 | Got an ichor-stained centaur barding {god gift}
 65613 | Depths:5 | Identified the -1 centaur barding of Filyba {Harm rElec
                  | rCorr Dex-5} (Okawaru gifted it to you on level 5 of the
                  | Depths)
 66668 | Elf:1    | Entered Level 1 of the Elven Halls
 66695 | Elf:1    | Found a radiant altar of Vehumet.
 66831 | Elf:1    | You fall into a shaft and drop 1 floor!
 66945 | Elf:2    | Reached skill level 10 in Necromancy
 66945 | Elf:2    | Reached skill level 10 in Earth Magic
 67137 | Elf:2    | Found a runed translucent gate.
 67137 | Elf:2    | Found a runed translucent gate.
 67138 | Elf:2    | Found a runed translucent gate.
 67392 | Elf:2    | Noticed Donald
 67409 | Elf:2    | Killed Donald
 67521 | Elf:2    | Reached XP level 23. HP: 130/209 MP: 32/32
 67861 | Elf:2    | Received a gift from Okawaru
 68724 | Elf:3    | Entered Level 3 of the Elven Halls
 69574 | Elf:3    | Identified the +9 scimitar of the Omega Point {drain, rC+
                  | Str+4}
 69752 | Elf:3    | Received a gift from Okawaru
 70137 | Elf:3    | Identified the Almanac of Translocation and Confrontation
 70143 | Elf:3    | Identified Sif Muna's Reference Book on Unholy Secrets
 70271 | Elf:3    | Got a garnet-encrusted ring mail
 70272 | Elf:3    | Identified the +2 ring mail of Cheibriados's Grace {Dex+3}
                  | (You found it on level 3 of the Elven Halls)
 70276 | Elf:3    | Got a fine plate armour
 70277 | Elf:3    | Identified the +3 plate armour of Baom {Harm Str+3} (You
                  | found it on level 3 of the Elven Halls)
 70336 | Elf:3    | Got an ichor-stained shortbow
 70337 | Elf:3    | Identified the +4 shortbow of Hatred {freeze, Dex+4} (You
                  | found it on level 3 of the Elven Halls)
 70340 | Elf:3    | Identified Sif Muna's Papyrus of Dusty Dislocation
 70467 | Elf:3    | Identified the Reference Book on Unstable Flight
 70628 | Elf:3    | Got an encrusted halberd
 70629 | Elf:3    | Identified the +9 halberd of Propriety {drain, rC+ Stlth+}
                  | (You found it on level 3 of the Elven Halls)
 70653 | Elf:3    | Got a slimy scale mail
 70664 | Elf:3    | Identified the +3 scale mail "Nous" {MR++ Int+4 Dex+3} (You
                  | found it on level 3 of the Elven Halls)
 70832 | Elf:1    | Found Qaerud's Magic Scroll Boutique.
 70837 | Elf:1    | Bought 3 scrolls of blinking for 315 gold pieces
 70837 | Elf:1    | Bought a scroll of identify for 28 gold pieces
 70837 | Elf:1    | Bought a scroll of identify for 28 gold pieces
 70837 | Elf:1    | Bought a scroll of fog for 28 gold pieces
 71193 | Elf:1    | Received a gift from Okawaru
 71951 | Temple   | Fell from the grace of Okawaru
 71951 | Temple   | Became a worshipper of the Shining One
 72245 | Crypt:1  | Entered Level 1 of the Crypt
 72285 | Crypt:1  | Reached * piety under the Shining One
 75104 | Crypt:1  | Reached ** piety under the Shining One
 75139 | Crypt:1  | Reached XP level 24. HP: 216/224 MP: 32/32
 75164 | Crypt:1  | Reached *** piety under the Shining One
 75797 | Crypt:2  | Reached **** piety under the Shining One
 75819 | Crypt:2  | Noticed Boris
 75824 | Crypt:2  | Killed Boris
 76595 | Crypt:2  | Reached ***** piety under the Shining One
 76781 | Crypt:3  | Entered Level 3 of the Crypt
 76972 | Crypt:3  | Found a staircase to the Tomb.
 77246 | Crypt:3  | Reached ****** piety under the Shining One
 77298 | Crypt:3  | Identified a +8 longbow of holy wrath (a +6 vorpal longbow
                  | blessed by the Shining One)
 77298 | Crypt:3  | Received a gift from the Shining One
 77331 | Crypt:3  | Noticed Mara
 77334 | Crypt:3  | Noticed gruber's illusion
 77338 | Crypt:3  | Killed Mara
 77581 | Crypt:3  | Reached skill level 23 in Bows
 77867 | Crypt:3  | Found a basalt altar of Yredelemnul.
 77870 | Crypt:3  | Identified the Volume of Stolen Souls
 77873 | Crypt:3  | Found an ancient bone altar of Kikubaaqudgha.
 77919 | Crypt:3  | Found the +9 staff of Wucad Mu {channel}
 77922 | Crypt:3  | Got a brightly glowing shortbow
 77923 | Crypt:3  | Identified the +6 shortbow of Fomob {venom, rC+ Str+5
                  | Dex+2} (You found it on level 3 of the Crypt)
 78740 | Vaults:1 | HP: 8/228 [titan/the air[the fury of Okawaru] (20)]
 78740 | Vaults:1 | Killed from afar by a fire giant

Illustrated notes

Levels and vault maps discovered:
D:1:      lightli_arrival_chessboard, layout_basic, glass_columns_a
D:2:      layout_basic, nicolae_overflow_hidden_temple, columned_hall_lemuel
D:3:      layout_loops_corners, gup_sewer_entry_bubbles, grunt_qazlal_sundering,
          uniq_jessica, uniq_natasha
D:4:      layout_basic, minmay_temple_entry_arrows,
          ebering_ghost_reflecting_pool, uniq_pikel
D:5:      layout_cave_pools, first_ration, uniq_menkaure
D:6:      layout_rooms
D:7:      layout_rooms
D:8:      layout_basic, gammafunk_temple_overflow_forgotten,
          minmay_lair_entry_grove, grunt_ogre_cave, uniq_joseph, uniq_maurice,
          uniq_gastronok
D:9:      layout_basic, orc_0_dummy, kennysheep_boxes, uniq_maggie
D:10:     gammafunk_beogh_shrine, layout_loops_cross, uniq_psyche
D:11:     lemuel_reptile_caves, layout_layer_cave,
          nicolae_trove_entry_path_of_doom, uniq_harold, uniq_erica
D:12:     layout_basic, serial_shops, shop, chequers_jeans, uniq_nessos
D:13:     layout_cave_pods, erik_vaults_2, abandoned_shop, uniq_jorgrun,
          uniq_josephine
D:14:     regret_index_bee_streams, layout_rooms, minmay_fountain_box,
          serial_shops, shop, uniq_frances
D:15:     gammafunk_enter_depths_forms, layout_long_grid, minivault_19,
          gammafunk_ghost_wrathful_warriors
Temple:   nicolae_temple_elliptical
Lair:1:   layout_cave_pods, grunt_forest_large_clearings,
          infiniplex_staircase_pool_2, serial_bayou_shore_b
Lair:2:   layout_chaotic_city, st_stairs_6, ice2_lemuel
Lair:3:   dragon1_lemuel, layout_regular_city, minmay_swamp_entry_swarm,
          guppyfry_snake_entry_island, grunt_forest_small_clearings,
          beast_lair_carwin_10
Lair:4:   layout_cellular_growth, ebering_ghost_xom, uniq_sonja
Lair:5:   layout_gridlike
Lair:6:   guppyfry_lair_end_dragon, layout_cave_pods, wormcave,
          nicolae_slime_entry_slimehenge, minmay_another_anthill
Swamp:1:  layout_basic_swamp, evilmike_swamp_ruin_rubble_1, uniq_roxanne,
          uniq_kirke
Swamp:2:  layout_basic_swamp, serial_swamp_ruin, evilmike_swamp_ruin_house_5,
          evilmike_swamp_ruin_rubble_2, evilmike_swamp_ruin_house_6
Swamp:3:  layout_falls_marsh, evilmike_swamp_ruin_house_4, uniq_nikola
Swamp:4:  swamp, layout_basic_swamp, swamp_pool3
Snake:1:  layout_onion_interference, serial_shops, shop, uniq_aizul, uniq_agnes
Snake:2:  layout_rooms, serial_shops, shop, st_stairs_9
Snake:3:  kennysheep_snake, layout_onion, minmay_snake_pond, minmay_shoptagon
Snake:4:  snake_pit, layout_cave_town, st_stairs_12
Orc:1:    layout_caves, mines2_lemuel
Orc:2:    grunt_orc_community_town_hall, layout_caves,
          grunt_orc_community_big_house_1, grunt_orc_community_big_house_1,
          grunt_orc_community_house_3, grunt_orc_community_house_1,
          grunt_orc_community_house_2, grunt_orc_community_house_1,
          biasface_ghost_orc_armoury, uniq_erolcha
Elf:1:    eino_elf_arrival_altar, layout_geoelf_diagonals, serial_shops, shop,
          hangedman_elf_represent
Elf:2:    layout_loops_ring, uniq_donald
Elf:3:    grunt_elf_hall_branching, layout_geoelf_grid, minivault_16
Vaults:1: nicolae_vaults_little_squares_1, vaults_room_stairs_pillars,
          nicolae_vaults_stairing_the_circle, v_misc_18,
          vaults_room_grunt_arrival_ludios, vaults_room_fours,
          layout_vaults_omnigrid, serial_shops, shop
Vaults:2: ontoclasm_vaults_bender, v_misc_18, hangedman_vaults_nails, v_rooms_3,
          v_misc_26, v_misc_5, nicolae_vaults_network_quinsquares
          [nicolae_vaults_network_quincunx_subvault,
          nicolae_vaults_network_quincunx_subvault,
          nicolae_vaults_network_quincunx_subvault,
          nicolae_vaults_network_quincunx_subvault],
          minmay_crypt_entry_necro_gods, st_diamondy, v_misc_15, v_misc_14,
          vaults_dpeg_spiral, vaults_dpeg_ring, layout_vaults_omnibox,
          uniq_bai_suzhen, uniq_boris
Vaults:3: nicolae_vaults_big_ls, vaults_room_boxed, v_misc_22,
          vaults_room_door_hall, vaults_room_fours, hangedman_vaults_slither,
          ontoclasm_vaults_loading_screen, v_misc_26, vaults_room_pool,
          vaults_room_stairs_pillars, layout_vaults_chaotic_city, serial_shops,
          shop
Vaults:4: v_misc_25, hangedman_vaults_corner, ontoclasm_vaults_tryst,
          grunt_vaults_hallway_long, v_misc_17, v_misc_16,
          nicolae_vaults_diagonal_hallway_8, ontoclasm_vaults_loading_screen,
          nicolae_vaults_sealed_display, nicolae_vaults_network_barrier,
          layout_vaults_maze_snakey
Crypt:1:  layout_rooms
Crypt:2:  layout_chaotic_city, minmay_misc_feat_ornament, moated_statue
Crypt:3:  lightli_unholy_cathedral, layout_chaotic_city,
          nicolae_tomb_entry_grand_gallery, uniq_mara
Depths:1: layout_roguey, hangedman_abyss_entry_splay, grunt_hell_horde,
          pan_entry, serial_shops, nicolae_shop_overgrown_old_shop,
          kennysheep_windowed_goal, infiniplex_staircase_pool_lava
Depths:2: minmay_angry_zag, layout_cave_shapes, enter_ziggurat_e, hell_entry,
          rand_demon_pan_entry_7, chequers_serial_rivers_micro_d,
          minmay_staircase_bubble, serial_bayou_shore_a
Depths:3: grunt_double_whammy, layout_basic, hell_entry, rand_demon_pan_entry_1,
          abyss_entry, special_room [special_room_mythical_zoo],
          serial_sigils_hangedman_gnaw, minmay_shop_grove
Depths:4: nicolae_whirlpool, layout_basic, hellmouth_1, abyss_entry,
          hangedman_abyss_or_decor_jellyfish_corner,
          infiniplex_staircase_pillars_2
Depths:5: grunt_zot_entry_gee_three, layout_gridville, serial_shops, shop,
          pf_hell_entry_great_geh

Skill      XL: |  1  2  3  4  5  6  7  8  9 10 11 12 13 14 15 16 17 18 19 20 21 22 23 24 |
---------------+-------------------------------------------------------------------------+-----
Bows           | 6 7 9 11 12 13 15 19 20 22 23 | 23.8
Staves         | 2 6 9 |  9.1
Fighting       | 8 10 12 16 18 20 21 | 21.0
Dodging        | 5 6 8 11 | 11.0
Armour         | 8 10 12 15 16 | 16.1
Translocations | 7 8 |  8.0
Spellcasting   | 6 |  6.0
Necromancy     | 5 7 10 12 | 12.0
Earth Magic    | 5 7 10 12 | 12.0
Invocations    | 10 | 10.0
Stealth        | |  0.4

Action                   |  1- 3 |  4- 6 |  7- 9 | 10-12 | 13-15 | 16-18 | 19-21 | 22-24 || total
-------------------------+-------+-------+-------+-------+-------+-------+-------+-------++-------
Melee: Short sword       |    11 |       |       |       |       |       |       |       ||    11
       Spear             |    11 |     7 |       |       |       |       |       |       ||    18
       Kick              |     3 |     1 |     5 |    27 |    35 |       |     8 |       ||    79
       Shortbow          |       |     1 |       |       |       |       |       |       ||     1
       Whip              |       |       |     6 |       |       |       |       |       ||     6
       Quarterstaff      |       |       |    13 |    95 |   108 |       |    20 |       ||   236
       Longbow           |       |       |       |       |       |     1 |       |       ||     1
 Fire: Shortbow          |   102 |   200 |   430 |   914 |       |       |       |       ||  1646
       Longbow           |       |       |       |    64 |  1473 |  1439 |  1591 |  1898 ||  6465
 Cast: Blink             |       |       |       |       |       |     1 |       |     3 ||     4
Invok: Heroism           |       |       |     3 |    16 |    17 |    10 |    11 |     5 ||    62
       Finesse           |       |       |       |     2 |     3 |     1 |     2 |     2 ||    10
       Divine Shield     |       |       |       |       |       |       |       |     5 ||     5
       Brand Weapon With |       |       |       |       |       |       |       |     1 ||     1
Evoke: Wand              |       |       |     1 |     1 |       |       |     1 |       ||     3
  Use: Scroll            |       |       |     1 |     6 |    26 |     9 |    10 |    17 ||    69
       Potion            |       |       |       |     1 |     2 |       |       |     2 ||     5
 Stab: Invisible         |       |       |       |       |       |       |     2 |       ||     2
  Eat: Chunk             |     1 |     5 |    10 |    27 |    38 |    23 |    31 |    23 ||   158
       Ration            |       |       |     1 |       |       |     3 |     2 |     5 ||    11
Armor: Leather armour    |     9 |       |       |       |       |       |       |       ||     9
       Robe              |     8 |    16 |    29 |    21 |       |       |       |       ||    74
       Steam dragon scal |       |       |       |    76 |    75 |       |       |       ||   151
       Scale mail        |       |       |       |       |   302 |   151 |   158 |   217 ||   828
Dodge: Dodged            |    25 |    26 |    40 |   113 |   321 |   142 |   159 |   197 ||  1023
       Repelled          |       |       |       |       |       |    37 |    60 |    83 ||   180
Block: Other             |       |       |       |       |       |       |       |    15 ||    15

Table legend:
 A = Non-vault XP
 B = Vault XP
 C = Vault XP percentage of total XP
 D = Non-vault monster count
 E = Vault monster count
 F = Vault count percentage of total count
                 A         B        C        D         E       F
            +---------+---------+-------+---------+---------+-------
      Total |  655523 |  440498 |  40.2 |    1442 |     790 |  35.4
            +---------+---------+-------+---------+---------+-------
        D:1 |      36 |       0 |   0.0 |      18 |       0 |   0.0
        D:2 |      52 |       0 |   0.0 |      20 |       0 |   0.0
        D:3 |     118 |      99 |  45.6 |      25 |       9 |  26.5
        D:4 |     223 |     698 |  75.8 |      13 |       2 |  13.3
        D:5 |     397 |     165 |  29.4 |      10 |       1 |   9.1
        D:6 |     838 |       0 |   0.0 |      20 |       0 |   0.0
        D:7 |    2091 |       0 |   0.0 |      28 |       0 |   0.0
        D:8 |    1740 |    5193 |  74.9 |      25 |      16 |  39.0
        D:9 |    1301 |     370 |  22.1 |      29 |       1 |   3.3
       D:10 |    3166 |    2752 |  46.5 |      28 |      15 |  34.9
       D:11 |    4062 |    3986 |  49.5 |      29 |      45 |  60.8
       D:12 |    5940 |    4334 |  42.2 |      29 |       4 |  12.1
       D:13 |    4466 |    9110 |  67.1 |      15 |      10 |  40.0
       D:14 |    8559 |   13481 |  61.2 |      35 |      54 |  60.7
       D:15 |   21226 |    5646 |  21.0 |      53 |      13 |  19.7
     Lair:1 |    5317 |    2094 |  28.3 |      16 |      18 |  52.9
     Lair:2 |    3785 |    3540 |  48.3 |      17 |      18 |  51.4
     Lair:3 |    2382 |    2528 |  51.5 |      10 |      12 |  54.5
     Lair:4 |    5008 |    3010 |  37.5 |      14 |       3 |  17.6
     Lair:5 |    5784 |       0 |   0.0 |      22 |       0 |   0.0
     Lair:6 |   13648 |   16343 |  54.5 |      48 |      72 |  60.0
    Swamp:1 |   17793 |    4024 |  18.4 |      35 |       2 |   5.4
    Swamp:2 |    8659 |       0 |   0.0 |      29 |       0 |   0.0
    Swamp:3 |   20208 |    3378 |  14.3 |      49 |       1 |   2.0
    Swamp:4 |   12220 |   17232 |  58.5 |      34 |      26 |  43.3
    Snake:1 |    9970 |    3658 |  26.8 |      20 |       2 |   9.1
    Snake:2 |   10135 |    1959 |  16.2 |      21 |       3 |  12.5
    Snake:3 |   17583 |   22345 |  56.0 |      36 |      42 |  53.8
    Snake:4 |    9679 |   30442 |  75.9 |      17 |      47 |  73.4
      Orc:1 |    3635 |       0 |   0.0 |      38 |       0 |   0.0
      Orc:2 |    3932 |   15764 |  80.0 |      41 |      77 |  65.3
      Elf:1 |   16313 |    9678 |  37.2 |      28 |      15 |  34.9
      Elf:2 |   42175 |   23488 |  35.8 |      59 |      27 |  31.4
      Elf:3 |   33405 |   39042 |  53.9 |      50 |      26 |  34.2
   Vaults:1 |   22146 |    5984 |  21.3 |      42 |       9 |  17.6
   Vaults:2 |   34988 |   35495 |  50.4 |      50 |      46 |  47.9
   Vaults:3 |   37842 |   18592 |  32.9 |      52 |      30 |  36.6
   Vaults:4 |   33025 |    2306 |   6.5 |      52 |       4 |   7.1
    Crypt:1 |   29257 |       0 |   0.0 |      41 |       0 |   0.0
    Crypt:2 |   21513 |       0 |   0.0 |      28 |       0 |   0.0
    Crypt:3 |   19476 |   53193 |  73.2 |      30 |      49 |  62.0
   Depths:1 |   24875 |    4097 |  14.1 |      34 |       9 |  20.9
   Depths:2 |   45103 |    6025 |  11.8 |      62 |      10 |  13.9
   Depths:3 |   22788 |   40541 |  64.0 |      18 |      46 |  71.9
   Depths:4 |   30129 |    2051 |   6.4 |      31 |       9 |  22.5
   Depths:5 |   38535 |   27855 |  42.0 |      41 |      17 |  29.3
            +---------+---------+-------+---------+---------+-------
